1947 views
Uploaded 2023-01-02 21:22:05
Game version 1.32.10
16:34 long 1on1 ladder game on (4)TwistedMeadows
Saved by DKnight
1947 views
Uploaded 2023-01-02 21:22:05
Game version 1.32.10
16:34 long 1on1 ladder game on (4)TwistedMeadows

30 units @ 4.1k
/ 0.5k
12 buildings @ 2k
/ 0.6k



| Rod of Necromancy | 3 | 450 |
| Potion of Healing | 1 | 150 |
| Orb of Corruption | 1 | 375 |
| total: | 5 | 975g |
| Acolyte | 13 | 975 | / | 0 |
| Ghoul | 5 | 600 | / | 0 |
| Crypt Fiend | 7 | 1505 | / | 280 |
| Obsidian Statue | 4 | 800 | / | 140 |
| Gargoyle | 1 | 175 | / | 30 |
| total: | 30 | 4055g | / | 450w |
| Spirit Tower | 1 | 145 | / | 40 |
| Altar of Darkness | 1 | 180 | / | 50 |
| Crypt | 2 | 400 | / | 100 |
| Ziggurat | 5 | 750 | / | 250 |
| Tomb of Relics | 1 | 130 | / | 30 |
| Graveyard | 1 | 215 | / | 0 |
| Necropolis | 1 | 225 | / | 0 |
| Slaughterhouse | 1 | 140 | / | 135 |
| Halls of the Dead | 1 | 320 | / | 210 |
| Black Citadel | 1 | 325 | / | 230 |
| total: | 12 | 2040g | / | 565w |
| 0:03 | Acolyte |
| 0:03 | Acolyte |
| 0:07 | Altar of Darkness |
| 0:10 | Crypt |
| 0:26 | Ziggurat |
| 0:33 | Acolyte |
| 0:43 | Acolyte |
| 1:05 | Tomb of Relics |
| 1:17 | Ghoul |
| 1:28 | Ghoul |
| 1:37 | Ziggurat |
| 1:52 | Ghoul |
| 2:10 | Ghoul |
| 2:15 | Rod of Necromancy |
| 2:16 | Death Coil |
| 2:31 | Ghoul |
| 2:43 | Graveyard |
| 3:30 | Halls of the Dead |
| 4:09 | Crypt Fiend |
| 4:17 | Unholy Aura |
| 4:27 | Ziggurat |
| 4:29 | Crypt Fiend |
| 4:31 | Rod of Necromancy |
| 5:15 | Crypt Fiend |
| 5:50 | Spirit Tower |
| 5:59 | Acolyte |
| 6:18 | Acolyte |
| 6:52 | Acolyte |
| 6:52 | Acolyte |
| 7:07 | Slaughterhouse |
| 7:14 | Death Coil |
| 7:43 | Frost Nova |
| 8:11 | Black Citadel |
| 8:15 | Obsidian Statue |
| 8:24 | Ziggurat |
| 8:44 | Dark Ritual |
| 8:51 | Gargoyle |
| 8:53 | Obsidian Statue |
| 9:43 | Crypt Fiend |
| 10:08 | Potion of Healing |
| 10:08 | Rod of Necromancy |
| 10:15 | Obsidian Statue |
| 10:24 | Creature Attack |
| 10:25 | Ziggurat |
| 10:57 | Death Pact |
| 11:04 | Destroyer Form |
| 11:24 | Orb of Corruption |
| 11:32 | Improved Creature Attack |
| 11:36 | Acolyte |
| 12:02 | Silence |
| 12:07 | Crypt Fiend |
| 12:32 | Crypt Fiend |
| 12:55 | Creature Carapace |
| 13:23 | Crypt |
| 14:04 | Frost Nova |
| 14:48 | Necropolis |
| 14:49 | Acolyte |
| 14:49 | Acolyte |
| 15:39 | Obsidian Statue |
| 15:40 | Crypt Fiend |
| 15:42 | Advanced Creature Attack |
| 16:09 | Acolyte |
| 16:09 | Acolyte |
| 16:28 | Web |
| Right click | 906 |
| Select group | 775 |
| Select | 314 |
| Misc. action | 98 |
| Build/train/purchase | 85 |
| Assign group | 52 |
| Use ability | 26 |
| Item give/drop | 5 |
| Remove unit | 3 |
30 units @ 4.9k
/ 0.8k
13 buildings @ 2.2k
/ 0.6k


| Potion of Healing | 2 | 300 |
| Scroll of Town Portal | 1 | 350 |
| Potion of Lesser Invulnerability | 1 | 150 |
| total: | 4 | 800g |
| Acolyte | 5 | 375 | / | 0 |
| Ghoul | 8 | 960 | / | 0 |
| Crypt Fiend | 11 | 2365 | / | 440 |
| Obsidian Statue | 1 | 200 | / | 35 |
| Gargoyle | 3 | 525 | / | 90 |
| Goblin Sapper | 2 | 430 | / | 200 |
| total: | 30 | 4855g | / | 765w |
| Nerubian Tower | 3 | 300 | / | 60 |
| Altar of Darkness | 1 | 180 | / | 50 |
| Crypt | 2 | 400 | / | 100 |
| Ziggurat | 6 | 900 | / | 300 |
| Graveyard | 1 | 215 | / | 0 |
| Tomb of Relics | 1 | 130 | / | 30 |
| Necropolis | 1 | 225 | / | 0 |
| Slaughterhouse | 1 | 140 | / | 135 |
| Halls of the Dead | 1 | 320 | / | 210 |
| total: | 13 | 2190g | / | 615w |
| 0:03 | Acolyte |
| 0:20 | Altar of Darkness |
| 0:22 | Crypt |
| 0:24 | Ziggurat |
| 0:32 | Acolyte |
| 1:00 | Crypt |
| 1:23 | Ghoul |
| 1:29 | Ziggurat |
| 1:36 | Ghoul |
| 1:52 | Ghoul |
| 2:06 | Ghoul |
| 2:21 | Death Coil |
| 2:27 | Ghoul |
| 2:28 | Ghoul |
| 2:40 | Ghoul |
| 2:50 | Ghoul |
| 3:19 | Ziggurat |
| 3:31 | Graveyard |
| 4:00 | Halls of the Dead |
| 4:42 | Unholy Aura |
| 4:53 | Crypt Fiend |
| 4:54 | Crypt Fiend |
| 4:56 | Unholy Strength |
| 5:27 | Ziggurat |
| 5:29 | Crypt Fiend |
| 6:43 | Crypt Fiend |
| 6:44 | Nerubian Tower |
| 7:01 | Tomb of Relics |
| 7:16 | Slaughterhouse |
| 7:30 | Crypt Fiend |
| 7:44 | Sleep |
| 7:52 | Crypt Fiend |
| 8:24 | Obsidian Statue |
| 8:35 | Acolyte |
| 8:38 | Web |
| 9:08 | Death Coil |
| 9:37 | Carrion Swarm |
| 9:53 | Crypt Fiend |
| 9:55 | Creature Attack |
| 10:08 | Crypt Fiend |
| 10:14 | Ziggurat |
| 11:06 | Potion of Lesser Invulnerability |
| 11:09 | Ziggurat |
| 11:12 | Necropolis |
| 11:16 | Crypt Fiend |
| 11:18 | Acolyte |
| 11:33 | Nerubian Tower |
| 11:36 | Acolyte |
| 11:59 | Improved Creature Attack |
| 12:24 | Nerubian Tower |
| 12:40 | Gargoyle |
| 12:47 | Goblin Sapper |
| 12:53 | Goblin Sapper |
| 13:27 | Creature Carapace |
| 14:21 | Crypt Fiend |
| 14:32 | Crypt Fiend |
| 14:48 | Scroll of Town Portal |
| 15:30 | Potion of Healing |
| 15:40 | Gargoyle |
| 15:41 | Gargoyle |
| 16:23 | Potion of Healing |
| Right click | 523 |
| Select | 386 |
| Build/train/purchase | 59 |
| Use ability | 31 |
| Item give/drop | 3 |
| Remove unit | 1 |
โ